[Event "Team 45 45 League T39"]
[Site "Internet Chess Club"]
[Date "2008.11.29"]
[Round "6"]
[White "forsyth"]
[Black "Visin"]
[Result "1/2-1/2"]
[WhiteElo "1432"]
[BlackElo "1399"]
[Opening "Giuoco Piano"]
[ECO "C50"]
[Time "16:01:26"]
[TimeControl "2700+45"]

1. e4 e5 2. Nf3 Nc6 3. Bc4 Bc5 4. O-O d6 5. d4 exd4 6. Bg5 f6 7. Bh4 Bg4 8. Re1
Ne5 9. Nbd2 Bxf3 10. gxf3 g5 11. Bg3 h5 12. Bxe5 dxe5 13. Nb3 Bb6 14. a4 a5 15.
Be6 Qe7 16. Bh3 Qh7 17. Bf5 Qh6 18. Qd3 c6 19. Qc4 Qg7 20. Kf1 Nh6 21. Qe6+ Qe7
22. Bg6+ Kf8 23. Qh3 h4 24. Nd2 Rd8 25. Nc4 Bc7 26. Ra3 Kg7 27. Bh5 Qd7 28.
Qxd7+ Rxd7 29. Rb3 Rb8 30. Rd3 b5 31. axb5 c5 32. Na3 a4 33. c4 Ba5 34. Re2 Re7
35. Bg4 Nxg4 36. fxg4 Kg6 {Game drawn by mutual agreement} 1/2-1/2

[Event "Team 45 45 League T39"]
[Site "Internet Chess Club"]
[Date "2008.12.02"]
[Round "6"]
[White "parrot9"]
[Black "Zappy"]
[Result "1-0"]
[WhiteElo "1698"]
[BlackElo "1469"]
[Opening "Scotch game"]
[ECO "C45"]
[Time "16:10:29"]
[TimeControl "2700+45"]

1. e4 e5 2. Nf3 Nc6 3. d4 exd4 4. Nxd4 Bc5 5. Be3 Bb6 6. Nc3 Nf6 7. Bb5 Nxd4 8.
Bxd4 Bxd4 9. Qxd4 c6 10. Bc4 O-O 11. O-O b5 12. Bd3 d6 13. Qe3 Qe7 14. f4 Re8
15. Rae1 Bb7 16. Qh3 d5 17. e5 {Black resigns} 1-0

[Event "Team 45 45 League T39"]
[Site "Internet Chess Club"]
[Date "2008.11.28"]
[Round "6"]
[White "ChessForce"]
[Black "Invicta-Knight"]
[Result "1-0"]
[WhiteElo "1483"]
[BlackElo "1495"]
[Opening "Scandinavian: Pytel-Wade variation"]
[ECO "B01"]
[Time "18:06:23"]
[TimeControl "2700+45"]

1. e4 d5 2. exd5 Qxd5 3. Nc3 Qd6 4. Bc4 a6 5. a4 Nf6 6. d3 g6 7. Nf3 Bg7 8. Be3
Nc6 9. Qd2 Bg4 10. Ng5 Be6 11. Nxe6 fxe6 12. O-O-O Nd5 13. Nxd5 exd5 14. Bb3 b5
15. Bf4 Qf6 16. c3 bxa4 17. Bxa4 Kd7 18. Rde1 Rab8 19. d4 Rhf8 20. Bg5 Qxf2 21.
Rxe7+ Kd6 22. Rxg7 Qxd2+ 23. Bxd2 Rf2 24. Bxc6 Kxc6 25. g3 Re8 26. Rxh7 Ree2 27.
Rd1 Rxh2 28. Rxh2 Rxh2 29. Bf4 Rg2 30. Rd2 Rg1+ 31. Kc2 g5 32. Bxg5 Rxg3 33. Bf6
Rf3 34. Be5 Re3 35. Kb3 Kd7 36. Ka4 c5 37. Ka5 cxd4 38. Bxd4 Re6 39. Bb6 Kc6 40.
Kxa6 Re1 41. Rh2 Ra1+ 42. Ba5 Ra2 43. Rh6+ Kc5 44. b4+ Kc4 45. Rc6+ Kd3 46. Kb5
Rc2 47. Rc5 Ke4 48. Kc6 Rc1 49. Rxd5 Rxc3+ 50. Rc5 Rh3 51. b5 Rh6+ 52. Kb7 Kd4
53. Rc6 Rh7+ 54. Bc7 Kd5 55. b6 Rf7 56. Rd6+ Kc5 57. Kc8 Rf8+ 58. Rd8 Rf6 59. b7
Ra6 60. b8=Q {Black resigns} 1-0

[Event "Team 45 45 League T39"]
[Site "Internet Chess Club"]
[Date "2008.11.30"]
[Round "6"]
[White "twintower"]
[Black "imawesome"]
[Result "1/2-1/2"]
[WhiteElo "1420"]
[BlackElo "1258"]
[Opening "Sicilian defense"]
[ECO "B20"]
[Time "08:15:25"]
[TimeControl "2700+45"]

1. e4 c5 2. d3 Nc6 3. g3 Nf6 4. Bg2 g6 5. Nf3 d6 6. O-O e5 7. c3 Bg4 8. Nbd2 Bg7
9. Re1 O-O 10. Nc4 b5 11. Ne3 Bxf3 12. Qxf3 Qd7 13. h3 Rad8 14. Kh2 d5 15. exd5
Ne7 16. c4 bxc4 17. dxc4 Ne8 18. Rb1 a5 19. Ng4 f6 20. Bh6 Bxh6 21. Nxh6+ Kg7
22. Ng4 Nd6 23. b3 Ndf5 24. Qc3 Qc7 25. Rbd1 Rd6 26. Re4 g5 27. Rde1 Ng6 28. f4
gxf4 29. gxf4 Nxf4 30. Nxe5 Ng6 31. Nxg6 hxg6 32. Kg1 Rf7 33. Re6 Rxe6 34. Rxe6
Nd6 35. Qg3 Rd7 36. Qf4 Qd8 37. Qe3 Qc7 38. h4 Nf5 39. Qh3 Nh6 40. Qh2 Qd8 41.
Rc6 Qe7 42. Qg3 Nf5 43. Qc3 Ra7 44. h5 g5 45. Qd3 Nh4 46. Bh3 Rc7 47. d6 Qe1+
48. Bf1 Rxc6 49. d7 Rd6 50. Qxd6 Qe3+ 51. Kh1 Qf3+ 52. Kg1 Qe3+ 53. Kh1 Qf3+ 54.
Kg1 Qe3+ {Game drawn by repetition} 1/2-1/2

[Event "Team 45 45 League T39"]
[Site "Internet Chess Club"]
[Date "2008.12.01"]
[Round "6"]
[White "mumu"]
[Black "EyeAm"]
[Result "0-1"]
[WhiteElo "1229"]
[BlackElo "1465"]
[Opening "Petrov: Nimzovich attack"]
[ECO "C42"]
[Time "18:13:09"]
[TimeControl "2700+45"]

1. e4 e5 2. Nf3 Nf6 3. Nxe5 d6 4. Nf3 Nxe4 5. Nc3 Nxc3 6. bxc3 Be7 7. d4 O-O 8.
Bd3 Bg4 9. Be3 Nd7 10. Rb1 Rb8 11. O-O Nb6 12. c4 Bf6 13. c3 Re8 14. a3 Qd7 15.
Qe2 Na4 16. Rbc1 g6 17. c5 a6 18. cxd6 cxd6 19. Qd1 Rbc8 20. Qb3 Bxf3 21. gxf3
b5 22. Bd2 Qh3 23. Be4 Rb8 24. Bd5 Qd7 25. Rfe1 Nb6 26. Be4 Nc4 27. Bh6 d5 28.
Bd3 Qh3 29. Be3 Qxf3 30. Qa2 Nxe3 31. fxe3 Rxe3 32. Qf2 Rxd3 33. Qxf3 Rxf3 34.
Rc2 Kf8 35. Rg2 Re8 36. Rc1 Ree3 37. Rgc2 Bg5 38. Kg2 Kg7 39. Kg1 Rd3 40. Re1
Rxc3 41. Rce2 Rc1 42. Rxc1 Bxc1 43. Kg2 Rxa3 44. Kf1 Ra1 45. Kf2 b4 46. Rc2 Ba3
47. Ke3 b3 48. Re2 b2 49. Kf3 b1=Q 50. Kf4 Qf1+ 51. Ke3 Re1 52. Rxe1 Qxe1+ 53.
Kd3 a5 54. Kc2 Bb4 55. Kb2 Qe3 56. Ka2 a4 57. Kb2 a3+ 58. Ka2 Qc3 59. h4 Qb2#
{White checkmated} 0-1

[Event "Team 45 45 League T39"]
[Site "Internet Chess Club"]
[Date "2008.11.28"]
[Round "6"]
[White "chiiwen"]
[Black "Chessduke"]
[Result "0-1"]
[WhiteElo "2080"]
[BlackElo "2108"]
[Opening "Caro-Kann: Steinitz variation"]
[ECO "B17"]
[Time "11:32:44"]
[TimeControl "2700+45"]

1. e4 c6 2. d4 d5 3. Nc3 dxe4 4. Nxe4 Nd7 5. Bc4 Ngf6 6. Ng5 e6 7. Qe2 Nb6 8.
N1f3 Nxc4 9. Qxc4 h6 10. Nh3 Qd5 11. Qe2 g5 12. Qe5 Bg7 13. Qxd5 exd5 14. Nhg1
Bf5 15. c3 O-O 16. Be3 Rfe8 17. Ne2 Ng4 18. Kd2 Re7 19. Ng3 Bg6 20. h4 Nxe3 21.
fxe3 g4 22. Nh2 h5 23. Nhf1 Rae8 24. Re1 Bh6 25. Rg1 f5 26. Ne2 f4 27. exf4
Bxf4+ 28. Nxf4 Rxe1 29. Nxg6 R8e2+ 30. Kd3 Rf2 31. g3 Rexf1 32. Rxf1 Rxf1 33.
Nf4 Rf3+ 34. Ke2 Rxg3 35. Nxh5 Rg2+ 36. Kf1 Rxb2 37. Nf6+ Kg7 38. Nxg4 Rxa2 39.
Ne5 Rc2 {White resigns} 0-1

[Event "Team 45 45 League T39"]
[Site "Internet Chess Club"]
[Date "2008.11.29"]
[Round "6"]
[White "Fegary"]
[Black "martineden"]
[Result "1-0"]
[WhiteElo "2149"]
[BlackElo "1958"]
[Opening "Ruy Lopez: 5.O-O"]
[ECO "C78"]
[Time "10:57:40"]
[TimeControl "2700+45"]

1. e4 e5 2. Nf3 Nc6 3. Bb5 a6 4. Ba4 Nf6 5. O-O b5 6. Bb3 Bc5 7. h3 Bb7 8. Nxe5
Nxe5 9. d4 Bb6 10. dxe5 Nxe4 11. Bd5 Bxd5 12. Qxd5 Nc5 13. Be3 Na4 14. Nc3 Nxc3
15. bxc3 Bxe3 16. fxe3 O-O 17. Rad1 Qe7 18. c4 bxc4 19. Qxc4 Qxe5 20. Rxd7 Qxe3+
21. Kh1 Qe8 22. Rxc7 Qb5 23. Rfxf7 Qxc4 24. Rxg7+ {Black resigns} 1-0

[Event "Team 45 45 League T39"]
[Site "Internet Chess Club"]
[Date "2008.11.30"]
[Round "6"]
[White "KarloTurk"]
[Black "smitty120"]
[Result "0-1"]
[WhiteElo "2013"]
[BlackElo "1992"]
[Opening "Torre attack (Tartakower variation)"]
[ECO "D03"]
[Time "14:05:41"]
[TimeControl "2700+45"]

1. d4 Nf6 2. Bg5 d5 3. Nf3 g6 4. Bxf6 exf6 5. e3 Be6 6. Nbd2 Bg7 7. c4 dxc4 8.
Bxc4 c6 9. O-O O-O 10. Rc1 Qb6 11. Bxe6 fxe6 12. Nc4 Qc7 13. Qb3 Kh8 14. e4 f5
15. e5 Bh6 16. Rc2 Rf7 17. Nd6 Re7 18. Rd1 Qd7 19. g3 Na6 20. Kg2 g5 21. h4 g4
22. Ne1 Rb8 23. Nd3 Qd8 24. Qc3 Nc7 25. Qb3 Nd5 26. Nc5 f4 27. Nxe6 Qg8 28. Ng5
Bxg5 29. hxg5 Rf8 30. Ne4 Qg6 31. Nf6 f3+ 32. Kg1 Qxg5 33. Nxd5 cxd5 34. Qxd5
Qh5 35. Qb5 Re6 36. Qc5 Rg8 37. Qd6 Rxd6 38. exd6 Qh3 {White resigns} 0-1

[Event "Team 45 45 League T39"]
[Site "Internet Chess Club"]
[Date "2008.11.30"]
[Round "6"]
[White "chessateer"]
[Black "chess9397"]
[Result "0-1"]
[WhiteElo "1840"]
[BlackElo "1921"]
[Opening "Sicilian: Grand Prix attack"]
[ECO "B23"]
[Time "19:41:49"]
[TimeControl "2700+45"]

1. e4 c5 2. Nc3 Nc6 3. f4 g6 4. Nf3 Bg7 5. Bb5 Nd4 6. d3 Nxf3+ 7. Qxf3 a6 8. Bc4
e6 9. O-O Ne7 10. Be3 d6 11. Rad1 Nc6 12. a3 O-O 13. f5 exf5 14. Bd5 Nd4 15. Qf2
Be6 16. b4 Qd7 17. exf5 Nxf5 18. Bxe6 Qxe6 19. Bd2 Bd4 {White resigns} 0-1

[Event "Team 45 45 League T39"]
[Site "Internet Chess Club"]
[Date "2008.11.28"]
[Round "6"]
[White "nosalt"]
[Black "SonOfFlash"]
[Result "1/2-1/2"]
[WhiteElo "2004"]
[BlackElo "2095"]
[Opening "Sicilian: dragon, Yugoslav attack, Rauser variation"]
[ECO "B76"]
[Time "22:00:08"]
[TimeControl "2700+45"]

1. e4 c5 2. Nf3 d6 3. d4 cxd4 4. Nxd4 Nf6 5. Nc3 g6 6. Be3 Bg7 7. f3 Nc6 8. Qd2
O-O 9. O-O-O Be6 10. Nxe6 fxe6 11. Bc4 Qd7 12. a3 Rac8 13. Ba2 Ne5 14. Bxa7 b5
15. Bd4 Nc4 16. Qd3 Bh6+ 17. Kb1 Nh5 18. Ne2 d5 19. Bc3 Ne3 20. exd5 Nxd1 21.
Rxd1 Nf4 22. Nxf4 Bxf4 23. g3 Bd6 24. dxe6 Qa7 25. f4 b4 26. Bd4 Qa5 27. axb4
Bxb4 28. c3 Ra8 29. Qc4 Bd6 30. Qd5 Qc7 31. Qc4 Qa5 {Game drawn by mutual
agreement} 1/2-1/2

[Event "Team 45 45 League T39"]
[Site "Internet Chess Club"]
[Date "2008.11.30"]
[Round "6"]
[White "MrKarma"]
[Black "livis"]
[Result "0-1"]
[WhiteElo "1609"]
[BlackElo "1968"]
[Opening "French defense"]
[ECO "C00"]
[Time "16:00:08"]
[TimeControl "2700+45"]

1. e4 e6 2. Nf3 d5 3. exd5 exd5 4. d4 h6 5. Nc3 Be6 6. Bf4 Bd6 7. Bxd6 Qxd6 8.
Bd3 Nd7 9. Qe2 Ne7 10. Ne5 Nxe5 11. Qxe5 Qxe5+ 12. dxe5 a6 13. f4 g6 14. Ne2 c5
15. c3 O-O-O 16. O-O Kb8 17. Ng3 d4 18. c4 h5 19. h4 Nc6 20. a3 Na5 21. Rac1 Nc6
22. Rfe1 Kc7 23. f5 gxf5 24. Bxf5 Rdg8 25. Bxe6 fxe6 26. Nf1 Rg4 27. g3 Rhg8 28.
Kh2 d3 29. Nd2 Rxg3 30. Rg1 Rxg1 31. Rxg1 Rxg1 32. Kxg1 Nxe5 33. Kf2 b5 34. Ke3
bxc4 35. Nxc4 Nxc4+ 36. Kxd3 Nxb2+ 37. Kc3 Na4+ 38. Kc4 {White resigns} 0-1

[Event "Team 45 45 League T39"]
[Site "Internet Chess Club"]
[Date "2008.11.28"]
[Round "6"]
[White "dnmuscg"]
[Black "BenjaminSisko"]
[Result "1-0"]
[WhiteElo "1949"]
[BlackElo "1592"]
[Opening "Sicilian: Hungarian variation"]
[ECO "B34"]
[Time "14:46:05"]
[TimeControl "2700+45"]

1. e4 c5 2. Nf3 g6 3. d4 cxd4 4. Nxd4 Bg7 5. Nc3 Nc6 6. Be3 Nf6 7. f3 O-O 8. Bc4
a5 9. Qd2 Re8 10. O-O b6 11. Rad1 Ba6 12. Nxc6 dxc6 13. Qxd8 Raxd8 14. Bxa6 b5
15. Rxd8 Rxd8 16. Rd1 Rxd1+ 17. Nxd1 Nd7 18. f4 c5 19. Bxb5 Nf6 20. e5 Nd5 21.
Kf2 Nb4 22. c3 Nd5 23. Bc4 Nxe3 24. Kxe3 e6 25. Ke4 Bf8 26. Nf2 Be7 27. Nd3 Kf8
28. a3 Ke8 29. b4 axb4 30. cxb4 cxb4 31. axb4 Kd7 32. Kd4 Kc6 33. Nc5 g5 34. g3
h5 35. fxg5 Bxg5 36. Ne4 Bc1 37. Nd6 Bb2+ 38. Ke4 f5+ 39. Kf4 Bc1+ 40. Kf3 Kd7
41. Be2 Bd2 42. b5 Bc3 43. Nc4 Bd4 44. Kg2 {Black resigns} 1-0

[Event "Team 45 45 League T39"]
[Site "Internet Chess Club"]
[Date "2008.11.30"]
[Round "6"]
[White "Cory"]
[Black "Holm"]
[Result "0-1"]
[WhiteElo "1529"]
[BlackElo "1908"]
[Opening "Sicilian: closed, 2...Nc6"]
[ECO "B23"]
[Time "16:00:05"]
[TimeControl "2700+45"]

1. e4 c5 2. Nc3 Nc6 3. Bc4 g6 4. f4 Bg7 5. Nf3 Nd4 6. O-O a6 7. a4 d6 8. d3 Bg4
9. Bxf7+ Kf8 10. Bxg8 Kxg8 11. Be3 Nxf3+ 12. gxf3 Be6 13. Kf2 Kf7 14. Rg1 Qb6
15. Rb1 Qa5 16. Qd2 Bd4 17. Ke2 b5 18. axb5 axb5 19. Bxd4 cxd4 20. Nd5 Qxd2+ 21.
Kxd2 Bxd5 22. exd5 Ra2 23. b3 Rc8 24. Rbc1 b4 25. Rg4 Rc5 26. f5 Rxd5 27. fxg6+
hxg6 28. Rcg1 Rc5 29. Rxd4 Rcxc2+ 30. Ke3 Re2+ {White resigns} 0-1

[Event "Team 45 45 League T39"]
[Site "Internet Chess Club"]
[Date "2008.11.30"]
[Round "6"]
[White "rubo"]
[Black "BrerRabbit"]
[Result "1-0"]
[WhiteElo "1734"]
[BlackElo "1624"]
[Opening "Bird's opening"]
[ECO "A02"]
[Time "20:01:22"]
[TimeControl "2700+45"]

1. f4 Nf6 2. Nf3 g6 3. b3 Bg7 4. Bb2 O-O 5. e3 d6 6. Be2 Nc6 7. O-O Bf5 8. Qc1
Qe8 9. Nc3 a6 10. a4 e5 11. fxe5 dxe5 12. Nd1 Nd7 13. Nf2 Qd8 14. d3 Nb4 15. e4
Be6 16. Ba3 c5 17. c4 Bg4 18. Nxg4 Nc6 19. Bb2 Qe7 20. Qg5 f6 21. Nh6+ Kh8 22.
Qh4 Rfe8 23. Bc1 Nf8 24. g4 Ne6 25. Be3 g5 26. Qh5 Rf8 27. Nf5 Qd7 28. Ne1 Nf4
29. Bxf4 gxf4 30. Rf3 Rg8 31. Rh3 Bf8 32. Nf3 Nd4 33. N3xd4 cxd4 34. Rf1 Rg5 35.
Qh4 Bb4 36. Nh6 Rf8 37. Nf5 Rfg8 38. Qh6 R8g6 39. Qh4 Bf8 40. Qf2 Bb4 41. Kh1
Bd2 42. Rg1 Be3 43. Nxe3 dxe3 44. Qe1 Qd4 45. Rh5 Qb6 46. b4 Qc6 47. b5 Qc5 48.
h4 Rxh5 49. gxh5 Rxg1+ 50. Qxg1 Qb4 51. h6 Qf8 52. Qg7+ Qxg7 53. hxg7+ Kxg7 54.
c5 {Black resigns} 1-0

[Event "Team 45 45 League T39"]
[Site "Internet Chess Club"]
[Date "2008.11.26"]
[Round "6"]
[White "bmw2002"]
[Black "GamePlayer"]
[Result "1-0"]
[WhiteElo "1621"]
[BlackElo "1795"]
[Opening "English: symmetrical variation"]
[ECO "A30"]
[Time "20:05:47"]
[TimeControl "2700+45"]

1. c4 c5 2. g3 Nc6 3. Bg2 d6 4. Nc3 Nf6 5. d3 e6 6. e4 Be7 7. Nge2 O-O 8. O-O a6
9. a4 Rb8 10. d4 cxd4 11. Nxd4 Nb4 12. Be3 d5 13. cxd5 exd5 14. Nc2 dxe4 15.
Nxb4 Bxb4 16. Nxe4 Nxe4 17. Bxe4 Bh3 18. Qh5 f5 19. Qxh3 fxe4 20. Qe6+ Kh8 21.
Qxe4 Bd2 22. Rad1 Re8 23. Qd4 Bxe3 24. fxe3 Qe7 25. Rde1 Rbd8 26. Qb6 Rd3 27. e4
Qg5 28. Rf2 Rxg3+ 29. hxg3 Qxg3+ 30. Kf1 Qd3+ 31. Kg2 Kg8 32. Qxb7 Qd6 33. Qf7+
{Black resigns} 1-0

[Event "Team 45 45 League T39"]
[Site "Internet Chess Club"]
[Date "2008.12.01"]
[Round "6"]
[White "Trevorking"]
[Black "AlPearson"]
[Result "1-0"]
[WhiteElo "1645"]
[BlackElo "1436"]
[Opening "Alekhine's defense: Scandinavian variation"]
[ECO "B02"]
[Time "19:01:12"]
[TimeControl "2700+45"]

1. e4 Nf6 2. Nc3 d5 3. e5 d4 4. exf6 dxc3 5. fxe7 cxd2+ 6. Bxd2 Bxe7 7. Bc4 Qd4
8. Bb3 Qxb2 9. Rb1 Qe5+ 10. Qe2 Qxe2+ 11. Nxe2 O-O 12. O-O Nd7 13. Rfe1 b6 14.
Bd5 Rb8 15. Nd4 Bc5 16. Nc6 Nf6 17. Nxb8 Nxd5 18. Nc6 a5 19. c4 Nf6 20. Ne7+ Kh8
21. Bf4 Be6 22. Nc6 Bxc4 23. Bxc7 Rc8 24. Bxb6 Rxc6 25. Bxc5 Rxc5 26. Rb8+ Rc8
27. Rxc8+ Ne8 28. Rcxe8# {Black checkmated} 1-0

[Event "Team 45 45 League T39"]
[Site "Internet Chess Club"]
[Date "2008.11.26"]
[Round "6"]
[White "Mudfrog"]
[Black "albacore"]
[Result "1-0"]
[WhiteElo "1486"]
[BlackElo "1357"]
[Opening "Scandinavian defense"]
[ECO "B01"]
[Time "19:03:55"]
[TimeControl "2700+45"]

1. e4 d5 2. exd5 Nf6 3. d4 e6 4. Nf3 Bd6 5. c4 exd5 6. c5 Be7 7. Be2 O-O 8. Nc3
c6 9. Bg5 Nbd7 10. O-O Re8 11. Qc2 b6 12. b4 bxc5 13. bxc5 Ne4 14. Bxe7 Rxe7 15.
Rfe1 Qe8 16. Bd3 Ndf6 17. Re2 Bg4 18. Rae1 Re6 19. Nxe4 dxe4 20. Bxe4 Nxe4 21.
Rxe4 Bxf3 22. gxf3 Rd8 23. Rxe6 fxe6 24. Qc4 Qg6+ 25. Kf1 Re8 26. Re4 Kf8 27.
Qa6 Qf5 28. Ke2 Qd5 29. Rf4+ Kg8 30. Qd3 e5 31. dxe5 Rxe5+ 32. Re4 Qxa2+ 33. Ke3
Rxe4+ 34. fxe4 a5 35. Qd8+ Kf7 36. Qd7+ Kf8 37. Qd6+ Kf7 38. Qxc6 Qb3+ 39. Kf4
a4 40. Qd7+ Kg6 41. Qf5+ Kh6 42. Qg5# {Black checkmated} 1-0

[Event "Team 45 45 League T39"]
[Site "Internet Chess Club"]
[Date "2008.12.02"]
[Round "6"]
[White "noblitz-oblige"]
[Black "princeillini"]
[Result "1-0"]
[WhiteElo "1587"]
[BlackElo "1472"]
[Opening "Giuoco Piano"]
[ECO "C50"]
[Time "19:50:05"]
[TimeControl "2700+45"]

1. e4 e5 2. Nf3 Nc6 3. Bc4 Bc5 4. Nc3 d6 5. h3 Nf6 6. O-O O-O 7. d3 Be6 8. Bg5
h6 9. Bxf6 Qxf6 10. Nd5 Bxd5 11. Bxd5 Rab8 12. Nh2 Ne7 13. Bc4 Ng6 14. g3 c6 15.
Kg2 Rfd8 16. Qh5 d5 17. exd5 cxd5 18. Ng4 Qc6 19. Bb3 a5 20. a4 Re8 21. Ne3 Rbd8
22. Qf3 Ne7 23. Rae1 Rf8 24. Ng4 f6 25. Ne3 b5 26. axb5 Qxb5 27. Nxd5 Nxd5 28.
Bxd5+ Kh8 29. b3 Bxf2 30. Bc4 Qb4 31. Qxf2 f5 32. Rxe5 Qc3 33. Rxf5 Rxf5 34.
Qxf5 Qxc2+ 35. Rf2 Qc3 36. Qe4 Qb4 37. d4 a4 38. Bd3 g6 39. Qxg6 Qb7+ 40. Be4
Qg7 41. Qxg7+ Kxg7 42. d5 axb3 43. Rb2 Re8 44. Kf3 Rb8 45. Ke3 Kf6 46. Kd4 h5
47. Kc3 Ke5 48. Rxb3 Rc8+ 49. Kd3 Rd8 50. Ke3 Rg8 51. Kf3 Kd4 52. Rd3+ Ke5 53.
d6 Rd8 54. d7 Ke6 55. Bg6 Rxd7 56. Bf5+ Kf6 57. Bxd7 {Black resigns} 1-0

[Event "Team 45 45 League T39"]
[Site "Internet Chess Club"]
[Date "2008.11.30"]
[Round "6"]
[White "Gupta"]
[Black "curtintime"]
[Result "1-0"]
[WhiteElo "1646"]
[BlackElo "1293"]
[Opening "Budapest: Rubinstein variation"]
[ECO "A52"]
[Time "20:09:14"]
[TimeControl "2700+45"]

1. d4 Nf6 2. c4 e5 3. dxe5 Ng4 4. Bf4 Nc6 5. Nf3 Qe7 6. e3 Ngxe5 7. Nc3 Nxf3+ 8.
Qxf3 Nb4 9. Rc1 d6 10. a3 Nc6 11. Nd5 Qd8 12. Bd3 Ne7 13. O-O Nxd5 14. cxd5 g6
15. Qe4+ Qe7 16. Rxc7 Qxe4 17. Bxe4 Bg7 18. Rfc1 O-O 19. Bxd6 Rd8 20. Be7 Re8
21. d6 Be6 22. Bxb7 Rab8 23. Bc6 {Black resigns} 1-0

[Event "Team 45 45 League T39"]
[Site "Internet Chess Club"]
[Date "2008.11.30"]
[Round "6"]
[White "alin"]
[Black "AntonioMendonca"]
[Result "1-0"]
[WhiteElo "2118"]
[BlackElo "1699"]
[Opening "Sicilian: Grand Prix attack"]
[ECO "B23"]
[Time "14:13:19"]
[TimeControl "2700+45"]

1. e4 c5 2. Nc3 Nc6 3. f4 e6 4. Nf3 g6 5. Bc4 Nge7 6. O-O Bg7 7. d3 O-O 8. Qe1
d5 9. Bb3 Nd4 10. Nxd4 Bxd4+ 11. Kh1 Bg7 12. f5 exf5 13. Bg5 h6 14. Bxe7 Qxe7
15. Nxd5 Qd6 16. exf5 Bxf5 17. Ne7+ Kh7 18. Nxf5 gxf5 19. Rxf5 Rae8 20. Qf2 f6
21. Rxc5 Qb6 22. Rf1 Re7 23. Qf5+ Kh8 24. Rc8 Ree8 25. Rxe8 Rxe8 26. h3 Qc7 27.
d4 Re2 28. Qf3 Qe7 29. Qd5 Kh7 30. Qg8+ Kg6 31. Bc4 Rd2 32. Bd3+ Rxd3 33. cxd3
Qe2 34. Rf3 {Black resigns} 1-0

[Event "Team 45 45 League T39"]
[Site "Internet Chess Club"]
[Date "2008.11.30"]
[Round "6"]
[White "xt"]
[Black "mitus"]
[Result "0-1"]
[WhiteElo "1617"]
[BlackElo "1933"]
[Opening "Scotch gambit: Dubois-Réti defense"]
[ECO "C55"]
[Time "17:30:16"]
[TimeControl "2700+45"]

1. e4 e5 2. Nf3 Nc6 3. Bc4 Nf6 4. d4 exd4 5. e5 d5 6. Bb5 Ne4 7. Nxd4 Bd7 8.
Nxc6 Bxc6 9. Bxc6+ bxc6 10. Be3 Bb4+ 11. c3 Ba5 12. Qg4 Qe7 13. Qxg7 O-O-O 14.
Qg4+ Kb8 15. O-O Rdg8 16. Qf5 Bb6 17. Bxb6 cxb6 18. f3 Qc5+ 19. Kh1 Nf2+ 20.
Rxf2 Qxf2 21. g4 Qf1# {White checkmated} 0-1

[Event "Team 45 45 League T39"]
[Site "Internet Chess Club"]
[Date "2008.11.26"]
[Round "6"]
[White "mugurelt"]
[Black "quotha"]
[Result "1-0"]
[WhiteElo "1712"]
[BlackElo "1661"]
[Opening "Philidor's defense"]
[ECO "C41"]
[Time "17:09:09"]
[TimeControl "2700+45"]

1. e4 e5 2. Nf3 d6 3. Bc4 Be7 4. d4 exd4 5. O-O Nf6 6. Qxd4 O-O 7. Nc3 Nc6 8.
Qd3 Bg4 9. h3 Bh5 10. Nd5 Bg6 11. Re1 Ne5 12. Nxe5 dxe5 13. Nxe7+ Qxe7 14. Bg5
Qc5 15. Qc3 Qc6 16. f3 h6 17. Bh4 Kh7 18. Qb3 a6 19. Rad1 b5 20. Bf1 Nd7 21. Bf2
Nb6 22. Rd2 f6 23. Red1 Bf7 24. Qb4 Nc4 25. Bxc4 Bxc4 26. Qc3 Qb7 27. Rd7 Rac8
28. Re7 Rfd8 29. Rxd8 Rxd8 30. b3 Rd1+ 31. Kh2 Rf1 32. Be3 Qc6 33. bxc4 bxc4 34.
Qd2 Kg6 35. Qd8 Ra1 36. Qf8 {Black resigns} 1-0

[Event "Team 45 45 League T39"]
[Site "Internet Chess Club"]
[Date "2008.11.26"]
[Round "6"]
[White "Majamutu"]
[Black "BadHabitMarco"]
[Result "0-1"]
[WhiteElo "2039"]
[BlackElo "2020"]
[Opening "Sicilian: Grand Prix attack"]
[ECO "B23"]
[Time "14:35:12"]
[TimeControl "2700+45"]

1. e4 c5 2. Nc3 Nc6 3. f4 e6 4. Nf3 d5 5. Bb5 Ne7 6. exd5 Nxd5 7. O-O Bd7 8. d3
Nxc3 9. bxc3 Be7 10. Bxc6 Bxc6 11. Ne5 Ba4 12. Qe2 O-O 13. Rb1 Qc7 14. Bb2 Rad8
15. c4 Bf6 16. Rf3 b6 17. Rh3 h6 18. Qh5 Bxc2 19. Rc1 Ba4 20. Ng4 Bxb2 21. Nxh6+
gxh6 22. Qxh6 f5 23. Rg3+ Bg7 24. Qxe6+ Qf7 {White resigns} 0-1

[Event "Team 45 45 League T39"]
[Site "Internet Chess Club"]
[Date "2008.12.02"]
[Round "6"]
[White "simon2007"]
[Black "Intelectual"]
[Result "1-0"]
[WhiteElo "2036"]
[BlackElo "1874"]
[Opening "French: advance, Nimzovich variation"]
[ECO "C02"]
[Time "12:01:03"]
[TimeControl "2700+45"]

1. e4 e6 2. d4 d5 3. e5 c5 4. Qg4 cxd4 5. Nf3 Nc6 6. Bd3 f6 7. Qh5+ Kd7 8. O-O
Kc7 9. Bf4 f5 10. Nbd2 Bd7 11. Nb3 g6 12. Qh3 Be7 13. Nfxd4 g5 14. Nxc6 bxc6 15.
Bd2 Qf8 16. Ba5+ Kb8 17. a3 g4 18. Qe3 f4 19. Qd2 f3 20. g3 h5 21. c4 h4 22.
Rac1 hxg3 23. fxg3 Bc5+ 24. Kh1 f2 25. Qf4 Qxf4 26. gxf4 Be3 27. Kg2 Bxf4 28.
Rh1 Bxe5 29. cxd5 exd5 30. Nc5 Bc8 31. Na6+ Kb7 32. Nb4 Ne7 33. Na6 Bd6 34. Kxf2
Rh3 35. Be2 Bf5 36. Nb4 Be4 37. Ba6+ Kb8 38. Nxc6+ Nxc6 39. Rxc6 Rf3+ 40. Ke2
Bd3+ 41. Bxd3 {Black resigns} 1-0

[Event "Team 45 45 League T39"]
[Site "Internet Chess Club"]
[Date "2008.11.28"]
[Round "6"]
[White "cesaralexander"]
[Black "andy4226uk"]
[Result "1-0"]
[WhiteElo "1992"]
[BlackElo "1864"]
[Opening "Benkö gambit half accepted"]
[ECO "A57"]
[Time "17:05:41"]
[TimeControl "2700+45"]

1. d4 Nf6 2. c4 c5 3. d5 b5 4. cxb5 a6 5. b6 Qxb6 6. Nc3 g6 7. e4 d6 8. Nf3 Bg7
9. Nd2 Nbd7 10. a4 O-O 11. a5 Qd8 12. Nc4 Ne8 13. Bf4 f5 14. Qd2 fxe4 15. Nxe4
Nc7 16. Bh6 Bxh6 17. Qxh6 Nxd5 18. Rd1 Nb4 19. Ng5 Nc2+ 20. Kd2 Rxf2+ 21. Kc1
Nf6 22. Bd3 Bf5 23. Bxf5 Nd4 24. Rxd4 cxd4 25. Ne6 {Black resigns} 1-0

[Event "Team 45 45 League T39"]
[Site "Internet Chess Club"]
[Date "2008.11.30"]
[Round "6"]
[White "Paulkov"]
[Black "ARMAND01968"]
[Result "0-1"]
[WhiteElo "1888"]
[BlackElo "1839"]
[Opening "Caro-Kann: Steinitz variation"]
[ECO "B17"]
[Time "11:02:00"]
[TimeControl "2700+45"]

1. e4 c6 2. d4 d5 3. Nc3 dxe4 4. Nxe4 Nd7 5. Nf3 Ngf6 6. Ng3 c5 7. d5 Nb6 8. c4
e6 9. Bg5 exd5 10. cxd5 a6 11. Qb3 Nbxd5 12. O-O-O Be6 13. Qxb7 Be7 14. Bc4 O-O
15. Bxd5 Nxd5 16. Bxe7 Qxe7 17. Qxe7 Nxe7 18. Ng5 Bxa2 19. Rhe1 Ng6 20. Rd7 c4
21. Nf5 h6 22. Nf3 Nf4 23. Ree7 Nd3+ 24. Kd2 Rab8 25. N3d4 Rxb2+ 26. Kc3 Rxf2
27. g4 Nc5 28. Rc7 Na4+ 29. Kb4 Nb6 30. Kc5 Na4+ 31. Kb4 Nb6 32. Kc5 Nc8 33.
Red7 c3 34. Kb4 c2 35. Rxc2 Rxc2 36. Nxc2 Be6 37. Rc7 Bxf5 38. gxf5 Nd6 39. Ne3
Rb8+ 40. Kc5 Nxf5 41. Nd5 Rb5+ 42. Kc4 Nd6+ 43. Kd4 Nf5+ 44. Ke4 g6 45. Ra7 a5
46. Nf6+ Kg7 47. Ne8+ Kf8 48. Nf6 Rb4+ 49. Ke5 Rb5+ 50. Ke4 Nd6+ 51. Kd4 Rf5 52.
Nd7+ Kg7 53. Kc3 Nb5+ {White resigns} 0-1